 Dungeon Crawl Stone Soup version 0.20.0-10-g0535bb4 (webtiles) character file.

4358 anfisbena the Arsonist (level 10, -1/50 HPs)
             Began as a Gargoyle Fire Elementalist on June 3, 2017.
             Was a Believer of Vehumet.
             Slain by a freezing wraith (8 damage)
             ... on level 8 of the Dungeon.
             The game lasted 00:13:38 (8326 turns).

anfisbena the Arsonist (Gargoyle Fire Elementalist) Turns: 8326, Time: 00:13:39

Health: -1/50      AC: 16    Str: 16    XL:     10   Next: 34%
Magic:  5/15       EV: 11    Int: 23    God:    Vehumet [**....]
Gold:   477        SH:  5    Dex:  8    Spells: 3/15 levels left

rFire    + + +     SeeInvis .   v - +3 quarterstaff (chaos)
rCold    + + .     Gourm    .   (shield currently unavailable)
rNeg     + . .     Faith    .   C - +0 troll leather armour
rPois    ∞         Spirit   .   y - +1 helmet
rElec    +         Reflect  +   k - +1 cloak
rCorr    .         Harm     .   (no gloves)
MR       .....                  D - +0 pair of boots
Stlth    +.........             a - amulet of Xivuibut {Reflect +Inv rF+++ rC++ Dex-2 SH+5}
Regen    0.6/turn               n - +3 ring of intelligence
MPRegen  0.2/turn               u - +5 ring of strength

@: slowed, very slow
A: negative energy resistance 1, electricity resistance, unbreathing,
petrification resistance, rot immunity, AC +7
a: Renounce Religion, Evoke Invisibility


You were on level 8 of the Dungeon.
You worshipped Vehumet.
Vehumet was pleased with you.
You were not hungry.

You visited 1 branch of the dungeon, and saw 8 of its levels.

You collected 477 gold pieces.

Inventory:

Hand Weapons
 v - a +3 quarterstaff of chaos (weapon)
Armour
 k - a +1 cloak (worn)
 y - a +1 helmet (worn)
 C - a +0 troll leather armour (worn)
 D - a +0 pair of boots (worn)
Jewellery
 a - the amulet of Xivuibut (around neck) {Reflect +Inv rF+++ rC++ Dex-2 SH+5}
   (You found it on level 6 of the Dungeon)

   [amulet of reflection]

   It shields you and reflects attacks.
   It affects your dexterity (-2).
   It renders you almost immune to fire.
   It greatly protects you from cold.
   It lets you turn invisible.
   It affects your SH (+5).
 n - a +3 ring of intelligence (left hand)
 u - a +5 ring of strength (right hand)
Scrolls
 d - 2 scrolls of identify
 g - 2 scrolls of teleportation
 h - 4 scrolls of fear
 j - 2 scrolls of enchant weapon
 m - 4 scrolls of amnesia
 p - a scroll of enchant armour
 q - 2 scrolls of remove curse
 r - 3 scrolls of magic mapping
 x - a scroll of recharging
 B - a scroll of blinking
Potions
 e - a potion of flight {unknown}
 l - 2 potions of heal wounds
 s - 4 potions of curing
 t - 2 potions of agility
 w - 2 potions of brilliance
 A - a potion of might {unknown}
 E - a potion of mutation {unknown}
Books
 b - a book of Flames

   Spells                             Type                      Level
   a - Flame Tongue                   Conjuration/Fire             1
   b - Throw Flame                    Conjuration/Fire             2
   c - Conjure Flame                  Conjuration/Fire             3
   d - Inner Flame                    Hexes/Fire                   3
   e - Sticky Flame                   Conjuration/Fire             4
   f - Fireball                       Conjuration/Fire             5
 F - a Young Poisoner's Handbook

   Spells                             Type                      Level
   a - Sting                          Conjuration/Poison           1
   b - Poisonous Vapours              Poison/Air                   2
   c - Mephitic Cloud                 Conjuration/Poison/Air       3
   d - Olgreb's Toxic Radiance        Poison                       4
   e - Venom Bolt                     Conjuration/Poison           5
Comestibles
 c - 7 bread rations
 f - 6 meat rations
 i - 4 fruits
 o - 5 royal jellies
 z - 5 chunks of flesh


   Skills:
 - Level 1.5 Dodging
 - Level 2.1 Stealth
 + Level 3.3 Spellcasting
 + Level 7.9 Conjurations
 - Level 10.1 Fire Magic
 * Level 6.5 Air Magic


You had 3 spell levels left.
You knew the following spells:

 Your Spells              Type           Power        Failure   Level  Hunger
a - Flame Tongue          Conj/Fire      #####        1%          1    None
b - Sticky Flame          Conj/Fire      #####...     3%          4    ####...
c - Conjure Flame         Conj/Fire      #####...     1%          3    ###....
d - Shock                 Conj/Air       ####         1%          1    None
e - Inner Flame           Hex/Fire       ####....     4%          3    ###....


Dungeon Overview and Level Annotations

Branches:
Dungeon (8/15)             Temple (0/1) D:6
   Lair: D:8-11

Altars:
Ashenzari
Dithmenos
Okawaru
Vehumet


Innate Abilities, Weirdness & Mutations

You are resistant to torment.
Your stone body is resilient. (AC +7)
You are immune to poison.
You resist negative energy. (rN+)
You are resistant to electric shocks. (rElec)
You can survive without breathing.
You are immune to petrification.
You are immune to rotting.


Message History

* * * LOW HITPOINT WARNING * * *
The freezing wraith hits you!
* * * LOW HITPOINT WARNING * * *
The freezing wraith hits you but does no damage.
The freezing wraith barely misses you.
You are too injured to fight recklessly!
Casting: Flame Tongue
Confirm with . or Enter, or press ? or * to list all spells.
Aiming: Flame Tongue
Press: ? - help, Shift-Dir - straight line, f/p - freezing wraith
Aim: a freezing wraith (lightly damaged)
The flame tongue hits the freezing wraith.
The freezing wraith is burned terribly!
The freezing wraith is heavily damaged.
The freezing wraith hits you.
* * * LOW HITPOINT WARNING * * *
The freezing wraith freezes you. You resist.
* * * LOW HITPOINT WARNING * * *
The freezing wraith hits you!
You die...

##...... ##....#####
###.###....$....########
...........####........#
......h...## #..#####.#
.#####..#(# #.)# ##..#(#
#..# ###..(#)#####..#
......W@).....(# .#≈
###.##..#####.(# .#≈ #.
#.######(.# #.#≈
.............# ≈#.#≈
##...#####..###≈#.#≈
#.#.# #..#≈≈≈#.#; ..#.#
#..#####.## #.##.#
#..........
#.#####..#####.##


You could see a freezing wraith.

Vanquished Creatures
  3 centaur skeletons (D:7)
  A hellwing (D:7)
  Prince Ribbit (D:7)
  Sigmund (D:3)
  Eustachio (D:6)
  An eye of draining (D:8)
  An orc warrior (D:6)
  A black bear (D:8)
  An ogre (D:7)
  4 centaurs
  2 wyvern zombies (D:7)
  2 scorpions (D:4)
  3 howler monkeys
  6 crimson imps
  3 centaur zombies
  2 orc priests
  5 hounds
  Crazy Yiuf (D:5)
  Ijyb (D:3)
  Terence (D:3)
  Jessica (D:2)
  Natasha (thrice) (D:4)
  5 orc wizards
  3 worker ants
  A worker ant zombie (D:5)
  4 gnolls (D:6)
  4 adders
  5 shadow imps
  An adder zombie (D:7)
  3 adder skeletons
  6 worms
  3 dart slugs
  5 leopard geckos
  16 orcs
  8 giant cockroaches
  6 goblins
  14 hobgoblins
  10 jackals
  11 kobolds
  5 quokkas
  2 ball pythons
  4 bats
  6 frilled lizards
  15 rats
182 creatures vanquished.

Vanquished Creatures (others)
  12 fungi (D:6)
  A withered plant (D:7)
13 creatures vanquished.

Grand Total: 195 creatures vanquished

Notes
Turn   | Place    | Note
-------+----------+-------------------------------------------
     0 | D:1      | anfisbena the Gargoyle Fire Elementalist began the quest for the Orb.
     0 | D:1      | Reached XP level 1. HP: 10/10 MP: 3/3
   181 | D:1      | Reached XP level 2. HP: 8/15 MP: 1/5
   768 | D:1      | Reached XP level 3. HP: 14/19 MP: 3/6
  1760 | D:2      | Reached skill level 4 in Fire Magic
  1760 | D:2      | Reached XP level 4. HP: 12/24 MP: 1/7
  2422 | D:2      | Noticed Jessica
  2429 | D:2      | Killed Jessica
  2820 | D:2      | Reached XP level 5. HP: 28/28 MP: 4/8
  3102 | D:3      | Found an iron altar of Okawaru.
  3160 | D:3      | Noticed Ijyb
  3173 | D:3      | Killed Ijyb
  3173 | D:3      | Reached skill level 5 in Fire Magic
  3458 | D:3      | Noticed Terence
  3471 | D:3      | Killed Terence
  3597 | D:3      | Noticed Sigmund
  3606 | D:3      | Killed Sigmund
  3606 | D:3      | Reached skill level 6 in Fire Magic
  3606 | D:3      | Reached XP level 6. HP: 19/32 MP: 2/9
  4355 | D:4      | Noticed Natasha
  4363 | D:4      | Killed Natasha
  4363 | D:4      | Reached XP level 7. HP: 23/36 MP: 7/10
  4516 | D:4      | Noticed Natasha
  4522 | D:4      | Killed Natasha
  4621 | D:4      | Learned a level 4 spell: Sticky Flame
  4625 | D:4      | Learned a level 3 spell: Conjure Flame
  4637 | D:4      | Found a radiant altar of Vehumet.
  4645 | D:4      | Became a worshipper of Vehumet
  4808 | D:4      | Noticed Natasha
  4814 | D:4      | Killed Natasha
  5073 | D:4      | Reached skill level 7 in Fire Magic
  5172 | D:5      | Entered Level 5 of the Dungeon
  5364 | D:5      | Reached skill level 5 in Conjurations
  5455 | D:5      | Found a runed door.
  5747 | D:5      | Reached XP level 8. HP: 25/41 MP: 7/11
  5758 | D:5      | Reached * piety under Vehumet
  5758 | D:5      | Offered knowledge of Shock by Vehumet.
  5765 | D:5      | Learned a level 1 spell: Shock
  5864 | D:5      | Reached skill level 8 in Fire Magic
  6010 | D:5      | Noticed Crazy Yiuf
  6012 | D:5      | Killed Crazy Yiuf
  6012 | D:5      | Reached skill level 1 in Air Magic
  6112 | D:6      | Got a scorched steel amulet
  6114 | D:6      | Identified the amulet of Xivuibut {Reflect +Inv rF+++ rC++ Dex-2 SH+5} (You found it on level 6 of the Dungeon)
  6169 | D:6      | Found a staircase to the Ecumenical Temple.
  6386 | D:6      | Noticed Eustachio
  6409 | D:6      | Killed Eustachio
  6550 | D:6      | Offered knowledge of Throw Frost by Vehumet.
  6729 | D:6      | Reached ** piety under Vehumet
  7178 | D:7      | Noticed Prince Ribbit
  7184 | D:7      | Killed Prince Ribbit
  7184 | D:7      | Reached skill level 9 in Fire Magic
  7184 | D:7      | Reached XP level 9. HP: 29/45 MP: 12/12
  7303 | D:7      | Noticed a hellwing
  7305 | D:7      | Noticed a hellwing
  7330 | D:7      | HP: 1/45 [something (3)]
  7351 | D:6      | Found a shattered altar of Ashenzari.
  7351 | D:6      | Found a shadowy altar of Dithmenos.
  7554 | D:7      | Reached skill level 5 in Air Magic
  7587 | D:7      | Reached skill level 10 in Fire Magic
  7656 | D:7      | Reached XP level 10. HP: 46/50 MP: 8/13
  7989 | D:7      | Learned a level 3 spell: Inner Flame
  8326 | D:8      | Slain by a freezing wraith

Skill      XL: |  1  2  3  4  5  6  7  8  9 10 |
---------------+-------------------------------+-----
Conjurations   | 2 3 4 5 6 7 |  7.9
Fire Magic     | 4 6 7 9 10 | 10.1
Air Magic      | 3 5 6 |  6.5
Spellcasting   | 3 |  3.3
Dodging        | |  1.5
Stealth        | |  2.1

Action                   |  1- 3 |  4- 6 |  7- 9 | 10-12 || total
-------------------------+-------+-------+-------+-------++-------
Melee: Unarmed           |    23 |       |       |       ||    23
       Spear             |    18 |   138 |   169 |       ||   325
       Quarterstaff      |       |       |   193 |   111 ||   304
 Cast: Flame Tongue      |    78 |    63 |    89 |    20 ||   250
       Conjure Flame     |       |       |     1 |       ||     1
  Use: Potion            |       |     1 |     3 |     1 ||     5
       Scroll            |       |       |    17 |       ||    17
 Stab: Sleeping          |     1 |     5 |       |       ||     6
       Paralysed         |       |       |     6 |     1 ||     7
       Confused          |       |       |     1 |       ||     1
       Petrified         |       |       |       |     4 ||     4
  Eat: Chunk             |     4 |     9 |    11 |     3 ||    27
Armor: Robe              |    32 |    47 |     2 |       ||    81
       Troll leather arm |       |       |   249 |    64 ||   313
Dodge: Dodged            |    39 |    71 |   237 |    74 ||   421
Block: Other             |       |       |    55 |    32 ||    87
       Reflection        |       |       |       |     1 ||     1
